 Dungeon Crawl Stone Soup version 0.23-a0-121-g4413648 (webtiles) character file.

59139 drasked the Eclecticist (level 14, -1/84 HPs)
             Began as a Deep Elf Fire Elementalist on Aug 25, 2018.
             Was a High Priest of Vehumet.
             Slain by a frost giant
             ... wielding a +2 battleaxe of freezing
              (18 damage)
             ... in an ice cave.
             The game lasted 02:03:04 (26674 turns).

drasked the Eclecticist (DEFE)                     Turns: 26674, Time: 02:03:05

Health: -1/84      AC: 19    Str: 11    XL:     14   Next: 52%
Magic:  3/35       EV: 21    Int: 36    God:    Vehumet [*****.]
Gold:   1597       SH:  8    Dex: 15    Spells: 12/44 levels left

rFire    + . .     SeeInvis .   y - +10 spear of Uweo {protect, rF+ Int+3}
rCold    + . .     Gourm    .   A - +3 buckler
rNeg     + . .     Faith    .   l - +5 robe of the Nexus {Int+4}
rPois    .         Spirit   .   B - +2 hat
rElec    +         Reflect  .   k - +0 cloak
rCorr    .         Harm     .   N - +0 pair of gloves
MR       ++++.     Clarity  +   D - +0 pair of boots
Stlth    ++........             O - amulet of the Four Winds {rN+ MR+++ Clar}
HPRegen  0.24/turn              g - ring of protection from cold {rC+, !d}
MPRegen  0.24/turn              M - ring "Paatt" {rElec EV+2 Str+6 Int+3}

@: protection aura
A: no striking features
a: Renounce Religion


You were in an ice cave.
You worshipped Vehumet.
Vehumet was extremely pleased with you.
You were not hungry.

You visited 4 branches of the dungeon, and saw 20 of its levels.
You also visited: Labyrinth and Ice Cave.

You collected 2053 gold pieces.
You spent 456 gold pieces at shops.

Inventory:

Hand Weapons
 y - the +10 spear of Uweo (weapon) {protect, rF+ Int+3}
   (You found it on level 5 of the Dungeon)

   It protects the one who uses it against injury (+AC on strike).
   It affects your intelligence (+3).
   It protects you from fire.
Armour
 k - a +0 cloak (worn)
   (You found it on level 2 of the Dungeon)
 l - the +5 robe of the Nexus (worn) {Int+4}
   (You found it on level 4 of the Lair of Beasts)

   It affects your intelligence (+4).
 A - a +3 buckler (worn)
   (You found it on level 5 of the Dungeon)
 B - a +2 hat (worn)
   (You took it off Gastronok on level 1 of the Orcish Mines)
 D - a +0 pair of boots (worn)
   (You found it on level 6 of the Dungeon)
 N - a +0 pair of gloves (worn)
   (You found it on level 11 of the Dungeon)
Jewellery
 g - a ring of protection from cold (left hand) {rC+, !d}
   (You found it in a labyrinth)
 i - an uncursed ring of flight {+Fly, !d}
   (You found it on level 9 of the Dungeon)
 F - an uncursed ring of poison resistance {rPois, !d}
   (You found it on level 5 of the Lair of Beasts)
 M - the ring "Paatt" (right hand) {rElec EV+2 Str+6 Int+3}
   (You found it in a labyrinth)

   [ring of evasion]

   It affects your evasion (+2).
   It affects your strength (+6).
   It affects your intelligence (+3).
   It insulates you from electricity.
 O - the amulet of the Four Winds (around neck) {rN+ MR+++ Clar}
   (You found it in a labyrinth)

   [amulet of nothing]

   It protects you from negative energy.
   It affects your resistance to hostile enchantments.
   It protects you against confusion.
Wands
 a - a wand of iceblast (6)
   (You found it on level 3 of the Lair of Beasts)
 H - a wand of acid (5)
   (You found it on level 10 of the Dungeon)
 J - a wand of disintegration (14)
   (You found it on level 1 of the Lair of Beasts)
 K - a wand of paralysis (13)
   (You found it on level 11 of the Dungeon)
 P - a wand of scattershot (3)
   (You found it on level 11 of the Dungeon)
Scrolls
 b - 3 scrolls of enchant armour
 f - 7 scrolls of teleportation
 j - 4 scrolls of remove curse
 n - 7 scrolls of amnesia
 q - 2 scrolls of brand weapon
 r - 5 scrolls of enchant weapon
 u - 5 scrolls of fog
 v - a scroll of holy word {!r}
 x - 3 scrolls of immolation {!r}
 C - 3 scrolls of identify
 E - 2 scrolls of fear
 L - a scroll of magic mapping {!r}
Potions
 e - 5 potions of heal wounds
 h - 3 potions of ambrosia
 m - 3 potions of agility
 o - 5 potions of lignification {!q}
 p - 2 potions of magic
 s - 7 potions of curing
 t - 2 potions of haste
 w - 3 potions of flight
 z - 5 potions of brilliance
 G - a potion of might
 I - a potion of invisibility
Miscellaneous
 d - a phial of floods
   (You found it on level 3 of the Lair of Beasts)
Comestibles
 c - 26 rations


   Skills:
 + Level 8.3 Fighting
 - Level 10.0 Dodging
 - Level 2.4 Stealth
 - Level 4.0 Shields
 - Level 15.6 Spellcasting
 - Level 13.1 Conjurations
 + Level 14.0 Fire Magic
 - Level 3.0 Air Magic
 - Level 3.1 Poison Magic


You had 12 spell levels left.
You knew the following spells:

 Your Spells              Type           Power        Failure   Level  Hunger
a - Flame Tongue          Conj/Fire      #####        0%          1    None
b - Throw Flame           Conj/Fire      ######       0%          2    None
c - Conjure Flame         Conj/Fire      #######.     0%          3    None
d - Poisonous Vapours     Pois/Air       ######       1%          2    None
e - Venom Bolt            Conj/Pois      ######....   1%          5    None
f - Fireball              Conj/Fire      #######...   1%          5    None
g - Bolt of Fire          Conj/Fire      #######...   1%          6    None
s - Sticky Flame          Conj/Fire      #######.     1%          4    None
x - Iskenderun's Mystic   Conj           #######.     1%          4    None

Your spell library contained the following spells:

 Spells                   Type           Power        Failure   Level  Hunger
 Magic Dart               Conj           ####         0%          1    None
 Searing Ray              Conj           ######       0%          2    None
 Corona                   Hex            ####...      1%          1    None
 Summon Small Mammal      Summ           ####         1%          1    None
 Call Imp                 Summ           ####....     1%          2    None
 Ensorcelled Hibernation  Hex/Ice        ####..       1%          2    None
 Passwall                 Tmut/Erth      ####....     1%          2    None
 Slow                     Hex            ####....     1%          2    None
 Swiftness                Chrm/Air       #####...     1%          2    None
 Dazzling Spray           Conj/Hex       ######       1%          3    None
 Inner Flame              Hex/Fire       ######..     1%          3    None
 Mephitic Cloud           Conj/Pois/Air  ######..     1%          3    None
 Force Lance              Conj/Tloc      ######..     1%          4    None
 Fulminant Prism          Conj/Hex       ######....   1%          4    None
 Call Canine Familiar     Summ           ####....     3%          3    None
 Confuse                  Hex            ####....     3%          3    None
 Portal Projectile        Hex/Tloc       ####..       3%          3    None
 Summon Guardian Golem    Hex/Summ       ####....     3%          3    None
 Tukima's Dance           Hex            ####....     3%          3    None
 Freezing Cloud           Conj/Ice/Air   ######....   6%          6    None
 Summon Lightning Spire   Summ/Air       #####...     7%          4    None
 Lee's Rapid Deconstruct  Erth           ####......   10%         5    None
 Cause Fear               Hex            ####......   13%         4    None
 Leda's Liquefaction      Hex/Erth       ####......   13%         4    None
 Passage of Golubria      Tloc           N/A          13%         4    None
 Summon Ice Beast         Ice/Summ       ####....     13%         4    None
 Silence                  Hex/Air        #####.....   19%         5    None
 Borgnjor's Vile Clutch   Necr/Erth      ####......   34%         5    None
 Ring of Flames           Chrm/Fire      ######....   52%         7    ####...
 Darkness                 Hex            ####......   89%         6    None
 Invisibility             Hex            ####....     89%         6    None
 Shadow Creatures         Summ           N/A          89%         6    None


Dungeon Overview and Level Annotations

Branches:
Dungeon (12/15)            Temple (1/1) D:7            Lair (5/6) D:10
  Swamp (0/4) Lair:2       Spider (0/4) Lair:4        Slime (0/5) Lair:5
    Orc (2/2) D:10            Elf (0/3) Orc:2

Altars:
Ashenzari
Cheibriados
Dithmenos
Elyvilon
Fedhas
Gozag
Hepliaklqana
Kikubaaqudgha
Makhleb
Nemelex Xobeh
Okawaru
Qazlal
Ru
Sif Muna
Trog
Uskayaw
Vehumet
Wu Jian
Xom
Yredelemnul
Zin
The Shining One
Beogh

Shops:
D:7 :   D:10 [   Orc:2 **!*

Annotations:
D:6 3 runed doors, Qupu's ghost, novice TrMo
Lair:3 exclusion: 2 oklob plants


Message History

The fireball engulfs the yak.
The fireball engulfs the polar bear.
The frost giant shouts!
The polar bear growls angrily.
You now have 30/35 mp.
The fire ignites!
You now have 27/35 mp.
Aim: a polar bear (severely wounded)
The fireball explodes!
The fireball engulfs the polar bear.
You kill the polar bear!
Vehumet accepts your kill.
The fireball engulfs the yak.
You kill the yak!
Vehumet accepts your kill.
You feel your power returning.
The fireball engulfs the polar bear.
You kill the polar bear!
Vehumet accepts your kill.
Your Fire Magic skill increases to level 14!
The fireball engulfs the yak.
You now have 25/35 mp.
Aim: a polar bear (severely wounded)
Okay, then.
Aim: a yak The bolt of fire hits the yak.
You kill the yak!
Vehumet accepts your kill.
You feel your power returning.
The bolt of fire hits the death yak.
The bolt of fire misses the polar bear.
The bolt of fire hits the yak.
You now have 22/35 mp.
Aim: a polar bear
Okay, then.
Aim: a yak The puff of flame hits the polar bear.
You now have 20/35 mp.
Okay, then.
Aim: a death yak (flame, heavily wounded)
The sticky flame hits the death yak.
The death yak is covered in liquid flames!
The death yak burns!
The death yak is engulfed in blazing flames.
The death yak gores you!
You take 8 damage, and have 76/84 hp.
You now have 16/35 mp.
Aim: a death yak (flame, severely wounded, covered in liquid flames)
The puff of flame hits the death yak.
The death yak burns!
The death yak is engulfed in blazing flames.
The death yak gores you.
The polar bear goes berserk!
You take 1 damage, and have 75/84 hp.
You now have 14/35 mp.
Aim: a death yak (flame, almost dead, covered in liquid flames)
The puff of flame misses the death yak.
The death yak burns!
You kill the death yak!
Vehumet accepts your kill.
You feel your power returning.
The polar bear rages.
The polar bear is engulfed in blazing flames.
The polar bear bites you! You block the polar bear's attack.
The polar bear closely misses you.
Aim: a polar bear (flame, almost dead, berserk, fast, unusually strong)
The puff of flame hits the polar bear.
You kill the polar bear!
Vehumet accepts your kill.
You feel your power returning.
The frost giant gestures at you while chanting.
The bolt of cold hits the polar bear.
The polar bear resists.
You hear a sizzling sound!
You take 16 damage, and have 59/84 hp.
You now have 13/35 mp.
Aim: a polar bear (heavily wounded)
The sticky flame hits the polar bear.
The polar bear appears unharmed.
The polar bear is covered in liquid flames!
The polar bear burns!
The polar bear completely misses you.
The polar bear claws you but does no damage.
The polar bear completely misses you.
The frost giant gestures at you while chanting.
The bolt of cold hits the polar bear.
The polar bear resists.
The bolt of cold hits you! You resist.
You take 25 damage, and have 34/84 hp.
MASSIVE DAMAGE!!
You now have 9/35 mp.
Aim: a polar bear The bolt of fire hits the polar bear.
You kill the polar bear!
Vehumet accepts your kill.
You feel your power returning.
The bolt of fire hits the frost giant.
The bolt of fire hits the polar bear.
You now have 4/35 mp.
You don't have enough magic to cast that spell.
Unknown command.
All of the chunks of flesh in your inventory have rotted away.
Aim: a frost giant, wielding a battleaxe of freezing (moderately wounded)
The sticky flame hits the frost giant.
The frost giant is covered in liquid flames!
The frost giant burns!
The frost giant hits you with a battleaxe of freezing!!
* * * LOW HITPOINT WARNING * * *
You take 20 damage, and have 17/84 hp.
MASSIVE DAMAGE!!
You now have 3/35 mp.
You hit the frost giant but do no damage.
Your weapon exudes an aura of protection.
The frost giant burns!
The frost giant hits you with a battleaxe of freezing!!
You die...

#C# #.## ##Y#
##.# #h.# #Y##
#.## ##C###
#.#@## #.C..#
##.#.##
#.###.# ≈≈≈
#..##.##≈≈#≈
##.#..#≈≈≈≈≈
##.##.##≈≈≈#≈
###
##.##.≈#≈#≈≈≈≈
##.#
#.###≈#≈≈≈≈≈≈#
##...


You could see a frost giant (burning).

Vanquished Creatures
  Gastronok (Orc:1)
  A minotaur (Lab)
  Fannar (D:11)
  Harold (D:11)
  4 hydras
  An ogre mage (Orc:2)
  9 two-headed ogres
  3 death yaks
  8 orc high priests (Orc:2)
  An unseen horror (D:11)
  2 orc knights
  2 orc sorcerers (Orc:2)
  An ugly thing (D:11)
  An oklob plant (Lair:1)
  A cyclops (Orc:2)
  9 elephants
  Maurice (D:9)
  3 spiny frogs
  A black mamba (Lair:3)
  4 gargoyles (Lab)
  4 trolls
  Grinder (D:6)
  A merfolk (D:9)
  12 polar bears
  A hornet (D:7)
  2 bog bodies (Lair:2)
  6 hippogriffs
  10 blink frogs
  3 redbacks (Lair:4)
  A wraith (D:12)
  A vampire (D:12)
  44 yaks
  2 wyverns
  A hungry ghost (D:8)
  3 vampire mosquitoes (D:12)
  12 wargs
  Menkaure (D:7)
  A swamp worm (Lair:2)
  An acid dragon (D:12)
  10 water moccasins
  Duvessa (D:4)
  10 porcupines
  13 orc warriors
  6 ice beasts
  4 black bears
  A necrophage (D:10)
  5 sky beasts
  4 phantoms
  28 wolves
  6 ogres
  2 centaurs
  8 crocodiles
  A big kobold (D:10)
  12 bullfrogs
  A gnoll sergeant (D:6)
  Dowan (D:4)
  3 scorpions
  6 killer bees (D:10)
  3 electric eels
  8 crimson imps
  2 centaur zombies
  A bullfrog zombie (D:10)
  12 hounds
  3 jellies
  A bullfrog skeleton (D:12)
  A centaur skeleton (D:9)
  2 quasits
  32 orc priests
  Crazy Yiuf (D:3)
  2 iguanas
  25 orc wizards
  4 hell rats (Lair:4)
  7 worker ants
  12 gnolls
  10 adders
  A hound simulacrum (D:8)
  2 shadow imps
  2 white imps (D:8)
  3 oozes
  2 worms (D:3)
  A dart slug (D:1)
  7 leopard geckos
  77 orcs
  A ball python (D:2)
  6 giant cockroaches
  12 goblins
  8 hobgoblins
  16 jackals
  7 quokkas
  5 bats
  6 frilled lizards
  19 kobolds
  10 rats
  3 bushes (Lair:1)
  2 fungi
  6 plants (Lair:1)
606 creatures vanquished.

Vanquished Creatures (collateral kills)
  An oklob plant (Lair:3)
  A spiny frog (Lair:3)
  A bullfrog (Lair:3)
  A plant (Lair:3)
4 creatures vanquished.

Vanquished Creatures (others)
  A polar bear (IceCv)
  An orc wizard (Orc:2)
  3 fungi
  2 plants
7 creatures vanquished.

Grand Total: 617 creatures vanquished

Notes
Turn   | Place    | Note
-------+----------+-------------------------------------------
     0 | D:1      | drasked the Deep Elf Fire Elementalist began the quest for the Orb.
     0 | D:1      | Reached XP level 1. HP: 10/10 MP: 6/6
   231 | D:1      | Reached XP level 2. HP: 15/15 MP: 5/8
   358 | D:1      | Reached skill level 2 in Conjurations
   477 | D:1      | Reached skill level 4 in Spellcasting
   629 | D:1      | Reached XP level 3. HP: 19/19 MP: 7/10
  1057 | D:2      | Reached skill level 3 in Conjurations
  1059 | D:2      | Reached XP level 4. HP: 24/24 MP: 7/12
  1062 | D:2      | HP: 4/24 [gnoll/whip (9)]
  2089 | D:3      | Found a faded altar of an unknown god.
  2174 | D:3      | Reached XP level 5. HP: 24/28 MP: 4/14
  2271 | D:3      | Reached skill level 4 in Conjurations
  2271 | D:3      | Reached skill level 4 in Fire Magic
  2276 | D:3      | Learned a level 3 spell: Conjure Flame
  2281 | D:3      | Learned a level 4 spell: Sticky Flame
  2287 | D:3      | Learned a level 5 spell: Fireball
  2403 | D:3      | Reached skill level 5 in Spellcasting
  2730 | D:3      | Found a runed door.
  2734 | D:3      | Noticed Crazy Yiuf
  2738 | D:3      | Killed Crazy Yiuf
  2788 | D:4      | Noticed Duvessa
  2790 | D:4      | Noticed Dowan
  2953 | D:4      | Killed Duvessa
  2953 | D:4      | Reached skill level 5 in Conjurations
  2953 | D:4      | Reached XP level 6. HP: 21/32 MP: 8/15
  3011 | D:4      | Killed Dowan
  3090 | D:4      | Reached skill level 5 in Fire Magic
  3306 | D:4      | Reached skill level 6 in Conjurations
  3312 | D:4      | HP: 7/32 [orc/falchion (6)]
  3661 | D:4      | Reached XP level 7. HP: 29/36 MP: 11/16
  4229 | D:5      | Entered Level 5 of the Dungeon
  4607 | D:4      | HP: 9/36 [crimson imp (2)]
  4706 | D:5      | HP: 9/36 [poisoned by a worker ant]
  5172 | D:5      | Reached skill level 6 in Fire Magic
  5234 | D:5      | Reached skill level 7 in Conjurations
  5498 | D:5      | HP: 9/36 [centaur (3)]
  5830 | D:5      | Found a sparkling altar of Nemelex Xobeh.
  5830 | D:5      | Found an opulent altar of Gozag.
  5873 | D:5      | Got an ancient spear
  5874 | D:5      | Identified the +10 spear of Uweo {protect, rF+ Int+3} (You found it on level 5 of the Dungeon)
  5925 | D:5      | Reached XP level 8. HP: 41/41 MP: 17/17
  5976 | D:5      | Reached skill level 7 in Fire Magic
  6048 | D:6      | Noticed Grinder
  6146 | D:6      | Found a runed gate.
  6146 | D:6      | Found a runed gate.
  6146 | D:6      | Found a runed gate.
  6148 | D:6      | Noticed a two-headed ogre
  6150 | D:6      | Noticed Qupu's ghost (novice TrMo)
  6152 | D:6      | Found an opulent altar of Gozag.
  6152 | D:6      | Noticed a cyclops
  6204 | D:6      | Found a snail-covered altar of Cheibriados.
  6262 | D:6      | Reached skill level 1 in Shields
  6301 | D:6      | Reached skill level 8 in Conjurations
  6319 | D:6      | Reached skill level 2 in Shields
  6402 | D:6      | Found a stormy altar of Qazlal.
  6618 | D:6      | HP: 6/41 [orc warrior/hand axe (10)]
  6619 | D:6      | Reached skill level 8 in Fire Magic
  6935 | D:6      | Killed Grinder
  6935 | D:6      | Reached skill level 3 in Shields
  6981 | D:6      | Reached XP level 9. HP: 45/45 MP: 15/18
  7384 | D:6      | Found a burning altar of Makhleb.
  7387 | D:6      | Found a shimmering altar of Xom.
  7579 | D:7      | Reached skill level 9 in Conjurations
  7597 | D:7      | HP: 8/45 [hornet (13)]
  7598 | D:7      | Paralysed by a hornet for 1 turns
  7800 | D:7      | Found a staircase to the Ecumenical Temple.
  7809 | Temple   | Entered the Ecumenical Temple
  7893 | Temple   | Became a worshipper of Vehumet
  7952 | D:7      | Found an opulent altar of Gozag.
  7953 | D:7      | Noticed Menkaure
  8081 | D:7      | Reached skill level 9 in Fire Magic
  8105 | D:7      | Found Fetwoh's Book Emporium.
  8130 | D:7      | Learned a level 4 spell: Iskenderun's Mystic Blast
  8411 | D:7      | Reached skill level 4 in Shields
  8801 | D:7      | Killed Menkaure
  8801 | D:7      | Reached skill level 3 in Dodging
  8911 | D:8      | Reached skill level 4 in Dodging
  8911 | D:8      | Reached skill level 10 in Conjurations
  8959 | D:8      | Noticed a death yak
  9101 | D:8      | Found a sacrificial altar of Ru.
  9293 | D:8      | Reached * piety under Vehumet
  9293 | D:8      | Offered knowledge of Sting by Vehumet.
  9526 | D:8      | Reached XP level 10. HP: 50/50 MP: 13/20
  9651 | D:8      | Killed a death yak
  9651 | D:8      | Reached skill level 5 in Dodging
  9651 | D:8      | Reached skill level 6 in Spellcasting
  9651 | D:8      | Reached skill level 10 in Fire Magic
  9812 | D:8      | Found a bloodstained altar of Trog.
 10101 | D:9      | Reached skill level 6 in Dodging
 10101 | D:9      | Reached skill level 7 in Spellcasting
 10129 | D:9      | Noticed Maurice
 10136 | D:9      | Killed Maurice
 10455 | D:9      | Reached skill level 7 in Dodging
 10742 | D:10     | Entered Level 10 of the Dungeon
 10778 | D:10     | Offered knowledge of Freeze by Vehumet.
 10778 | D:10     | Reached skill level 8 in Dodging
 10866 | D:10     | Found a staircase to the Orcish Mines.
 10917 | D:10     | Reached ** piety under Vehumet
 10961 | D:10     | Found Ofobaebbi's Antique Armour Emporium.
 11045 | D:10     | Reached XP level 11. HP: 36/54 MP: 16/24
 11293 | D:10     | Reached skill level 11 in Fire Magic
 11647 | D:10     | Found a staircase to the Lair.
 11718 | Lair:1   | Entered Level 1 of the Lair of Beasts
 11789 | Lair:1   | Learned a level 2 spell: Throw Flame
 11869 | Lair:1   | Reached skill level 11 in Conjurations
 11875 | Lair:1   | Offered knowledge of Stone Arrow by Vehumet.
 11984 | Lair:1   | Reached skill level 9 in Dodging
 12365 | Lair:1   | Noticed a six-headed hydra
 12373 | Lair:1   | Killed a six-headed hydra
 12373 | Lair:1   | Reached skill level 1 in Fighting
 12472 | Lair:1   | Found a blossoming altar of Fedhas.
 12487 | Lair:1   | Noticed an oklob plant
 12661 | Lair:1   | HP: 2/56 [acid (14)]
 12966 | Lair:1   | Killed an oklob plant
 13510 | Lair:2   | Reached skill level 2 in Fighting
 13570 | Lair:2   | Reached *** piety under Vehumet
 13693 | Lair:2   | Reached skill level 12 in Fire Magic
 13712 | Lair:2   | Reached skill level 3 in Fighting
 13974 | Lair:2   | Noticed a five-headed hydra
 13977 | Lair:2   | Killed a five-headed hydra
 13977 | Lair:2   | Reached skill level 12 in Conjurations
 14048 | Lair:2   | Offered knowledge of Ignite Poison by Vehumet.
 14277 | Lair:2   | Reached XP level 12. HP: 66/66 MP: 19/25
 14764 | Lair:2   | Reached skill level 4 in Fighting
 15077 | Lair:2   | Found a staircase to the Swamp.
 15177 | Lair:3   | Found a labyrinth entrance.
 15190 | Lab      | Entered a labyrinth
 16003 | Lab      | Noticed a minotaur
 16008 | Lab      | Killed a minotaur
 16013 | Lab      | Found the amulet of the Four Winds {rN+ MR+++ Clar}
 16013 | Lab      | Got a smoking plate armour
 16013 | Lab      | Got a crude brass ring
 16120 | Lair:3   | Identified the ring "Paatt" {rElec EV+2 Str+6 Int+3} (You found it in a labyrinth)
 16165 | Lair:3   | Noticed a death yak
 16187 | Lair:3   | Killed a death yak
 16187 | Lair:3   | Reached skill level 5 in Fighting
 16215 | Lair:3   | Reached skill level 13 in Fire Magic
 16800 | Lair:3   | Reached skill level 13 in Conjurations
 17400 | Lair:4   | HP: 17/68 [poisoned by a redback]
 17406 | Lair:4   | HP: 14/68 [poisoned by a redback]
 17411 | Lair:4   | HP: 12/68 [poisoned by a redback]
 17416 | Lair:4   | HP: 11/68 [poisoned by a redback]
 17423 | Lair:4   | HP: 10/68 [poisoned by a redback]
 17431 | Lair:4   | HP: 10/68 [poisoned by a redback]
 17727 | Lair:4   | Found a hole to the Spider Nest.
 17762 | Lair:4   | Reached skill level 8 in Spellcasting
 17912 | Lair:4   | Got a fabulously ornate robe
 17923 | Lair:4   | Identified the +5 robe of the Nexus {Int+4} (You found it on level 4 of the Lair of Beasts)
 18502 | Lair:4   | Reached skill level 6 in Fighting
 19126 | Lair:5   | Found a staircase to the Slime Pits.
 19130 | Lair:5   | Reached skill level 9 in Spellcasting
 19168 | Lair:5   | Learned a level 2 spell: Poisonous Vapours
 19368 | Lair:5   | Noticed a five-headed hydra
 19383 | Lair:5   | Killed a five-headed hydra
 19383 | Lair:5   | Reached skill level 10 in Dodging
 19399 | Lair:5   | Reached skill level 1 in Air Magic
 19399 | Lair:5   | Reached skill level 1 in Poison Magic
 19406 | Lair:5   | Reached XP level 13. HP: 72/75 MP: 1/28
 19619 | Lair:5   | Reached skill level 2 in Poison Magic
 19658 | Lair:5   | Reached skill level 2 in Air Magic
 20439 | Orc:1    | Entered Level 1 of the Orcish Mines
 20449 | Orc:1    | Reached skill level 3 in Poison Magic
 20648 | Orc:1    | Reached skill level 3 in Air Magic
 20709 | D:10     | Reached skill level 10 in Spellcasting
 20747 | Orc:1    | Reached **** piety under Vehumet
 21038 | Orc:1    | Noticed Gastronok
 21069 | Orc:1    | Offered knowledge of Olgreb's Toxic Radiance by Vehumet.
 21413 | Orc:1    | Killed Gastronok
 21577 | Orc:1    | Found a roughly hewn altar of Beogh.
 21878 | Orc:2    | Entered Level 2 of the Orcish Mines
 21936 | Orc:2    | Reached skill level 7 in Fighting
 22461 | Orc:2    | Found a staircase to the Elven Halls.
 22576 | Orc:2    | Reached skill level 11 in Spellcasting
 22635 | Orc:2    | Found Foixt's Assorted Antiques.
 22635 | Orc:2    | Found Yrelab's General Store.
 22654 | Orc:2    | Bought a paperback book for 300 gold pieces
 22851 | Orc:2    | Reached ***** piety under Vehumet
 22852 | Orc:2    | Offered knowledge of Venom Bolt by Vehumet.
 23483 | Orc:2    | Learned a level 5 spell: Venom Bolt
 23664 | Orc:2    | Found a roughly hewn altar of Beogh.
 23818 | Orc:2    | Reached skill level 8 in Fighting
 23818 | Orc:2    | Reached skill level 12 in Spellcasting
 24086 | Orc:2    | Found Eppuolaq's Distillery.
 24086 | Orc:2    | Found Sopuro's Assorted Antiques.
 24091 | Orc:2    | Bought a potion of might for 52 gold pieces
 24091 | Orc:2    | Bought a potion of invisibility for 104 gold pieces
 24508 | Orc:2    | Reached XP level 14. HP: 84/84 MP: 25/32
 24529 | Orc:2    | Reached skill level 13 in Spellcasting
 24845 | D:11     | Found a glowing golden altar of the Shining One.
 24907 | D:11     | Noticed Fannar
 24912 | D:11     | Killed Fannar
 25123 | D:11     | Noticed Harold
 25133 | D:11     | Killed Harold
 25309 | D:11     | Reached skill level 14 in Spellcasting
 26028 | D:12     | Found a frozen archway.
 26033 | D:12     | Reached skill level 15 in Spellcasting
 26040 | IceCv    | Entered an ice cave
 26135 | IceCv    | Offered knowledge of Bolt of Fire by Vehumet.
 26360 | IceCv    | Learned a level 6 spell: Bolt of Fire
 26651 | IceCv    | Noticed a frost giant
 26654 | IceCv    | Reached skill level 14 in Fire Magic
 26673 | IceCv    | HP: 17/84 [frost giant/battleaxe of freezing (20)]
 26674 | IceCv    | Slain by a frost giant

Vault maps used:
D:1:      minmay_arrival_plants_in_alcoves, minmay_curled_crystal, fountainhead
D:2:      first_ration
D:3:      chequers_ecumenical_altar_simple_redux, minmay_misc_feat_tiny,
          uniq_crazy_yiuf_cottage
D:4:      uniq_duvessa
D:5:      grunt_temple_overflow_opulence
D:6:      lemuel_doored_altar, old_standard_altar,
          grunt_temple_overflow_champion_of_chaos, ebering_ghost_gozag,
          uniq_grinder
D:7:      minmay_temple_entry_grid, serial_shops,
          nicolae_shop_competitors_out_of_business, basic_altar, uniq_menkaure
D:8:      lightli_temple_of_fire, lemuel_crystal_altar, serial_ice,
          serial_ice_k, serial_ice_e, serial_ice_o, serial_ice_d
D:9:      hangedman_fish_farm, uniq_maurice
D:10:     lair_entry_dummy, orc_0_dummy, serial_shops,
          nicolae_shop_overgrown_old_shop
D:11:     tso_altar, uniq_harold, uniq_fannar
D:12:     portal_ice_cave_entry_pillars_2, stair_cage_cross
Temple:   nicolae_temple_great_sept
Lair:1:   grunt_forest_small_clearings, small_statue_intersection, tgw_fedhas
Lair:2:   nicolae_swamp_entry_splash_gauntlet, minivault_25, lemuel_fruit_fields
Lair:3:   lab_entry_generic, infiniplex_staircase_pool_2,
          minmay_lair_oklob_chamber
Lair:4:   spider_nest_entry_webs, infiniplex_staircase_pool, grunt_megastairs_3,
          serial_bayou_shore_b
Lair:5:   slime_dummy, serial_bayou, serial_bayou_pond_a, serial_bayou_pond_d,
          serial_bayou_pond_e, serial_bayou_pond_a, serial_bayou_lagoon_b,
          serial_bayou_pond_a
Orc:1:    basic_altar, uniq_gastronok
Orc:2:    st_orc_town, mines5_lemuel
Lab:      nicolae_lab_big_swirl, lab_hedge
IceCv:    ice_cave_caverns_03

Skill      XL: |  1  2  3  4  5  6  7  8  9 10 11 12 13 14 |
---------------+-------------------------------------------+-----
Conjurations   | 2 3 5 6 7 8 10 12 13 | 13.1
Spellcasting   | 4 5 7 9 12 15 | 15.6
Fire Magic     | 4 5 6 8 9 10 12 13 14 | 14.0
Shields        | 3 4 |  4.0
Dodging        | 4 8 9 10 | 10.0
Fighting       | 3 6 8 |  8.3
Air Magic      | 1 3 |  3.0
Poison Magic   | 1 3 |  3.1
Stealth        | |  2.4

Action                   |  1- 3 |  4- 6 |  7- 9 | 10-12 | 13-15 || total
-------------------------+-------+-------+-------+-------+-------++-------
Melee: Dagger            |    19 |    27 |   142 |       |       ||   188
       Unarmed           |     2 |       |       |       |       ||     2
       Spear             |       |       |    73 |    64 |   177 ||   314
 Cast: Flame Tongue      |    57 |   130 |   194 |   113 |     1 ||   495
       Sticky Flame      |       |     2 |    27 |    47 |    59 ||   135
       Conjure Flame     |       |     1 |       |     7 |     4 ||    12
       Fireball          |       |       |     3 |    80 |    67 ||   150
       Iskenderun's Myst |       |       |     2 |     2 |       ||     4
       Throw Flame       |       |       |       |   229 |   202 ||   431
       Poisonous Vapours |       |       |       |       |    34 ||    34
       Venom Bolt        |       |       |       |       |    51 ||    51
       Bolt of Fire      |       |       |       |       |     6 ||     6
  Use: Scroll            |       |       |    18 |     8 |       ||    26
       Potion            |       |       |     1 |     1 |       ||     2
 Stab: Sleeping          |     3 |     1 |     5 |       |     2 ||    11
       Distracted        |       |       |       |       |     1 ||     1
  Eat: Chunk             |       |     8 |     7 |    24 |     8 ||    47
       Ration            |       |       |     5 |     7 |     4 ||    16
Armor: Robe              |    13 |    11 |    53 |    35 |    52 ||   164
Dodge: Dodged            |    40 |    36 |   191 |   155 |   239 ||   661
Block: Buckler           |       |       |    44 |    98 |   112 ||   254

Table legend:
 A = Non-vault XP
 B = Vault XP
 C = Vault XP percentage of total XP
 D = Non-vault monster count
 E = Vault monster count
 F = Vault count percentage of total count
                 A         B        C        D         E       F
            +---------+---------+-------+---------+---------+-------
      Total |   54212 |   30273 |  35.8 |     455 |     144 |  24.0
            +---------+---------+-------+---------+---------+-------
        D:1 |      69 |       0 |   0.0 |      33 |       0 |   0.0
        D:2 |     107 |       0 |   0.0 |      27 |       0 |   0.0
        D:3 |     139 |      40 |  22.3 |      23 |       1 |   4.2
        D:4 |     161 |     225 |  58.3 |      17 |       2 |  10.5
        D:5 |     842 |       0 |   0.0 |      20 |       0 |   0.0
        D:6 |    1084 |     347 |  24.2 |      29 |       2 |   6.5
        D:7 |    1173 |     172 |  12.8 |      20 |       1 |   4.8
        D:8 |    1078 |    1323 |  55.1 |      15 |       7 |  31.8
        D:9 |    1887 |     758 |  28.7 |      21 |       2 |   8.7
       D:10 |    3157 |       0 |   0.0 |      45 |       0 |   0.0
       D:11 |    3875 |    2077 |  34.9 |      16 |       2 |  11.1
       D:12 |    5059 |       0 |   0.0 |      19 |       0 |   0.0
     Lair:1 |    3467 |     572 |  14.2 |      16 |       1 |   5.9
     Lair:2 |    6776 |     761 |  10.1 |      25 |       4 |  13.8
     Lair:3 |    3297 |    1200 |  26.7 |      18 |       4 |  18.2
     Lair:4 |    4345 |     661 |  13.2 |      20 |       3 |  13.0
     Lair:5 |    5917 |       0 |   0.0 |      24 |       0 |   0.0
      Orc:1 |    1421 |    2508 |  63.8 |      26 |       2 |   7.1
      Orc:2 |    9097 |    9902 |  52.1 |      40 |      69 |  63.3
        Lab |    1261 |    1689 |  57.3 |       1 |       4 |  80.0
      IceCv |       0 |    8038 | 100.0 |       0 |      40 | 100.0
            +---------+---------+-------+---------+---------+-------

Vault maps used:
D:1:      minmay_arrival_plants_in_alcoves, minmay_curled_crystal, fountainhead
D:2:      first_ration
D:3:      chequers_ecumenical_altar_simple_redux, minmay_misc_feat_tiny,
          uniq_crazy_yiuf_cottage
D:4:      uniq_duvessa
D:5:      grunt_temple_overflow_opulence
D:6:      lemuel_doored_altar, old_standard_altar,
          grunt_temple_overflow_champion_of_chaos, ebering_ghost_gozag,
          uniq_grinder
D:7:      minmay_temple_entry_grid, serial_shops,
          nicolae_shop_competitors_out_of_business, basic_altar, uniq_menkaure
D:8:      lightli_temple_of_fire, lemuel_crystal_altar, serial_ice,
          serial_ice_k, serial_ice_e, serial_ice_o, serial_ice_d
D:9:      hangedman_fish_farm, uniq_maurice
D:10:     lair_entry_dummy, orc_0_dummy, serial_shops,
          nicolae_shop_overgrown_old_shop
D:11:     tso_altar, uniq_harold, uniq_fannar
D:12:     portal_ice_cave_entry_pillars_2, stair_cage_cross
Temple:   nicolae_temple_great_sept
Lair:1:   grunt_forest_small_clearings, small_statue_intersection, tgw_fedhas
Lair:2:   nicolae_swamp_entry_splash_gauntlet, minivault_25, lemuel_fruit_fields
Lair:3:   lab_entry_generic, infiniplex_staircase_pool_2,
          minmay_lair_oklob_chamber
Lair:4:   spider_nest_entry_webs, infiniplex_staircase_pool, grunt_megastairs_3,
          serial_bayou_shore_b
Lair:5:   slime_dummy, serial_bayou, serial_bayou_pond_a, serial_bayou_pond_d,
          serial_bayou_pond_e, serial_bayou_pond_a, serial_bayou_lagoon_b,
          serial_bayou_pond_a
Orc:1:    basic_altar, uniq_gastronok
Orc:2:    st_orc_town, mines5_lemuel
Lab:      nicolae_lab_big_swirl, lab_hedge
IceCv:    ice_cave_caverns_03

Table legend:
 A = Turns spent in this place as a percentage of turns spent in the entire game.
 B = Non-inter-level travel turns spent in this place as a percentage of non-inter-level travel turns spent in the entire game.
 C = Inter-level travel turns spent in this place as a percentage of turns spent in this place.
 D = Turns resting spent in this place as a percentage of non-inter-level travel turns spent in this place.
 E = Turns spent auto-exploring this place as a percentage of non-inter-level travel turns spent in this place.
 F = Non-inter-level travel turns spent in this place divided by the number of levels of this place that you've seen.
                   A       B       C       D       E      F
               +-------+-------+-------+-------+-------+----------------------
         Total | 100.0 | 100.0 |   4.0 |  36.1 |  40.7 | 1163.5
       Dungeon |  51.0 |  51.1 |   4.0 |  32.9 |  43.5 | 1089.0
        Temple |   0.4 |   0.3 |  11.3 |   0.0 |  84.9 |  86.0
          Lair |  29.2 |  28.9 |   4.9 |  38.9 |  46.6 | 1481.0
  Orcish Mines |  13.6 |  13.6 |   4.0 |  45.8 |  28.9 | 1743.0
     Labyrinth |   3.4 |   3.6 |   0.0 |  21.2 |   0.0 | 919.0
      Ice Cave |   2.4 |   2.5 |   0.0 |  42.9 |  29.7 | 634.0
               +-------+-------+-------+-------+-------+----------------------

Table legend:
 A = Kills in this place as a percentage of kills in entire the game.
 B = Kills by you in this place as a percentage of kills by you in the entire game.
 C = Kills by friends in this place as a percentage of kills by friends in the entire game.
 D = Other kills in this place as a percentage of other kills in the entire game.
 E = Experience gained in this place as a percentage of experience gained in the entire game.
 F = Experience gained in this place divided by the number of levels of this place that you have seen.
                   A       B       C       D       E      F
               +-------+-------+-------+-------+-------+----------------------
         Total | 100.0 | 100.0 | 100.0 | 100.0 | 100.0 | 3840.2
       Dungeon |  50.4 |  50.8 |   0.0 |   0.0 |  27.9 | 1964.4
          Lair |  19.2 |  18.8 | 100.0 |   0.0 |  32.0 | 5399.2
  Orcish Mines |  22.9 |  22.9 |   0.0 | 100.0 |  27.1 | 11464.0
     Labyrinth |   0.8 |   0.8 |   0.0 |   0.0 |   3.5 | 2950.0
      Ice Cave |   6.7 |   6.7 |   0.0 |   0.0 |   9.5 | 8038.0
               +-------+-------+-------+-------+-------+----------------------
